 Dungeon Crawl Stone Soup version 0.32-a0-450-g080537f31e (webtiles) character file.

Game seed: 17965069087465932477

1 Bravepunisher the Ducker (level 1, -4/11 HPs)
             Began as a Spriggan Monk on Feb 23, 2024.
             Killed from afar by Sigmund (6 damage)
             ... with a puff of flame
             ... on level 2 of the Dungeon.
             The game lasted 00:00:39 (99 turns).

Bravepunisher the Ducker (Spriggan Monk)              Turns: 99, Time: 00:00:40

Health: -4/11      AC:  2    Str:  7    XL:     1   Next: 16%
Magic:  2/2        EV: 18    Int: 11    God:
Gold:   0          SH:  0    Dex: 17    Spells: 0/0 levels left

rFire   . . .        a - +0 short sword
rCold   . . .        (no shield)
rNeg    . . .        b - +0 robe
rPois   .            (helmet restricted)
rElec   .            (no cloak)
rCorr   .            (gloves unavailable)
SInv    +            (boots unavailable)
Will    .....        (no amulet)
Stlth   +            (no ring)
HPRegen 0.21/turn    (no ring)
MPRegen 0.08/turn

%: no passive effects
@: confused, very quick
A: very small, no large weapons, unfitting armour, see invisible, speed 3
a: no special abilities


You were on level 2 of the Dungeon.
You visited 1 branch of the dungeon, and saw 2 of its levels.

Inventory:

Hand Weapons
 a - a +0 short sword (weapon)
Armour
 b - a +0 robe (worn)
 e - the +1 robe of a Labyrinth {rElec Int+3}
   (You found it on level 2 of the Dungeon)

   Int+3:     It affects your intelligence (+3).
   rElec:     It insulates you from electricity.
Potions
 c - a potion of ambrosia
 d - 2 potions of brilliance {unknown}


   Skills:
 + Level 2.4 Fighting
 - Level 3.2 Short Blades
 * Level 4.1 Dodging


You couldn't memorise any spells.
You didn't know any spells.
Your spell library was empty.

Dungeon Overview and Level Annotations

Branches:
Dungeon (2/15)

Altars:

Annotations:
D:2 Jessica, Sigmund


Innate Abilities, Weirdness & Mutations

You are very small and have problems with some larger weapons.
You are too small for most types of armour.
You have supernaturally acute eyesight. (SInv)
You cover ground extremely quickly. (Speed+++)


Message History

You kill the rat!
Jessica closely misses you.
A dart slug comes into view.
You see here a sedimented cyan potion.
The dart slug launches a dart at you. The slug dart misses you.
Jessica points at you and mumbles some strange words.
You resist with some effort. The dart slug bites you.
The dart slug launches a dart at you. The slug dart misses you.
Jessica mumbles some strange words.
Jessica blinks!
Sigmund the Dreaded comes into view.
He is wielding a +0 scythe.
Sigmund shouts!
Sigmund gestures wildly while chanting.
Sigmund flickers and vanishes for a moment.
Sigmund casts a spell at you.
You are confused.
You bump into the rock wall.
You bump into the rock wall.
You bump into the rock wall.
Sigmund completely misses you.
You bump into the rock wall.
Jessica shouts, "You're disturbing me!
I'll have to kill you!"
You feel less confused.
Found a ring mail.
Sigmund casts a spell at you.
You are confused.
You bump into the rock wall.
Sigmund attacks as he pursues you!
Sigmund hits you from afar with a +0 scythe.
Ouch! That really hurt!
* * * LOW HITPOINT WARNING * * *
You're too confused to move!
You bump into the rock wall.
Sigmund casts a spell at you. The puff of flame hits you.
Ouch! That really hurt!
You die...
Sigmund begins carving another notch in his scythe.

# # #### ### #
#... ..##### #
#.##.##.. ..## #
#.##.#..# #..# #
#[##....# #..# ###
#.# #..###..###..
#@####...@@....@.#
#..@..w@####.#####
######.......#
#########


You could see Sigmund (invisible), a dart slug and Jessica.

Vanquished Creatures
  A bat (D:2)
  A rat (D:2)
2 creatures vanquished.

Notes
Turn   | Place    | Note
-------+----------+-------------------------------------------
     0 | D:1      | Bravepunisher the Spriggan Monk began the quest for the
                  | Orb.
     0 | D:1      | Reached XP level 1. HP: 11/11 MP: 2/2
    53 | D:2      | Identified the +1 robe of a Labyrinth {rElec Int+3}
    53 | D:2      | Noticed Jessica
    83 | D:2      | Noticed Sigmund
    99 | D:2      | Killed from afar by Sigmund

Illustrated notes

Levels and vault maps discovered:
D:1:      beargit_arrival_greenhouse, layout_basic,
          shapermc_ecumenical_altar_mp_vishouse, chequers_serial_rivers_micro_b,
          st_stairs_10, minmay_shallow_snake_nest
D:2:      layout_loops_cross, uniq_sigmund, uniq_jessica

Action                     || total
---------------------------++-------
  Melee: Short sword       ||     8
 Armour: Robe              ||     8
  Dodge: Dodged            ||    20

Table legend: (Time is in decaauts)
 A = Elapsed time spent in this place.
 B = Non-inter-level travel time spent in this place.
 C = Inter-level travel time spent in this place.
 D = Time resting spent in this place.
 E = Time spent auto-exploring this place.
 F = Levels seen in this place.
 G = Mean time per level.
                   A        B        C        D        E       F      G
               +--------+--------+--------+--------+--------+-----+--------+
         Total |     67 |     67 |      0 |      0 |      8 |   2 |   33.5 |
       Dungeon |     67 |     67 |      0 |      0 |      8 |   2 |   33.5 |
               +--------+--------+--------+--------+--------+-----+--------+

Top non-repeatable levels by time:
     D:2: 40 daAuts
     D:1: 27 daAuts
